 Dungeon Crawl Stone Soup version 0.21-a0-426-g98080a9 (webtiles) character file.

312 kae the Insei (level 6, -12/50 HPs)
             Began as a Draconian Transmuter on Nov 7, 2017.
             Mangled by an orc warrior
             ... wielding a +0 glaive
              (22 damage)
             ... on level 4 of the Dungeon.
             The game lasted 00:03:19 (3991 turns).

kae the Insei (Draconian Transmuter)                Turns: 3991, Time: 00:03:20

Health: -12/50     AC:  8    Str: 18    XL:     6   Next: 18%
Magic:  10/10      EV: 17    Int: 13    God:
Gold:   245        SH:  0    Dex: 18    Spells: 5/11 levels left

rFire    . . .     SeeInvis .   e - +1 hand axe (venom)
rCold    . . .     Gourm    .   (no shield)
rNeg     + . .     Faith    .   (armour unavailable)
rPois    +         Spirit   .   (helmet restricted)
rElec    .         Reflect  .   f - +1 cloak
rCorr    .         Harm     .   (no gloves)
MR       .....                  (no boots)
Stlth    +++.......             (no amulet)
HPRegen  0.16/turn              g - ring of poison resistance
MPRegen  0.12/turn              r - ring of positive energy

@: mighty, agile, hasted, very quick
A: unfitting armour, cold-blooded, AC +6
a: no special abilities


You were on level 4 of the Dungeon.
You were near starving.

You visited 1 branch of the dungeon, and saw 4 of its levels.

You collected 245 gold pieces.

Inventory:

Hand Weapons
 e - a +1 hand axe of venom (weapon)
Missiles
 a - 25 arrows
Armour
 f - a +1 cloak (worn)
Jewellery
 g - a ring of poison resistance (left hand)
 r - a ring of positive energy (right hand)
Scrolls
 h - a scroll of teleportation
 l - a scroll of identify
Potions
 i - a potion of agility
 s - a potion of cancellation {unknown}
Books
 b - a book of Changes

   Spells                             Type                      Level
   a - Beastly Appendage              Transmutation                1
   b - Sticks to Snakes               Transmutation                2
   c - Spider Form                    Transmutation/Poison         3
   d - Ice Form                       Ice/Transmutation            4
   e - Blade Hands                    Transmutation                5
Comestibles
 c - 3 bread rations
 j - 4 royal jellies
 p - 2 meat rations


   Skills:
 + Level 2.9 Fighting
 - Level 1.7 Dodging
 * Level 4.6 Unarmed Combat
 + Level 3.0 Spellcasting
 * Level 4.1 Transmutations


You had 5 spell levels left.
You knew the following spells:

 Your Spells              Type           Power        Failure   Level  Hunger
a - Beastly Appendage     Tmut           ##....       4%          1    #......
b - Sticks to Snakes      Tmut           ##......     6%          2    ###....
c - Spider Form           Tmut/Pois      #.........   30%         3    ###....


Dungeon Overview and Level Annotations

Branches:
Dungeon (4/15)
 Temple: D:4-7

Altars:
Qazlal

Annotations:
D:4 Autsider's ghost, amateur GrEE


Innate Abilities, Weirdness & Mutations

Your plain brown scales are hard. (AC +6)
You cannot fit into any form of body armour.
You are cold-blooded and may be slowed by cold attacks.


Message History

The orc warrior looks as sick as possible!
The orc warrior is lightly wounded.
The orc warrior hits you with a glaive!
You hit the orc warrior but do no damage.
The orc warrior looks as sick as possible!
The orc warrior is moderately wounded.
The orc warrior closely misses you.
You completely miss the orc warrior.
The orc warrior is moderately wounded.
You hit the orc warrior but do no damage.
The orc warrior looks as sick as possible!
The orc warrior is moderately wounded.
The orc warrior hits you with a glaive!
* * * LOW HITPOINT WARNING * * *
Okay, then.
It was a potion of might.
You feel very mighty all of a sudden.
The orc wizard shouts!
The orc warrior hits you with a glaive!!
You die...

#.# #.# #....#.# #<#
#.###.#.....#
#.########.#.####.###
#..........<.W(...###########
####.###########.............
#.## #.############ #..# #.#
#..##########.####
#(.......@....)..#
#..#######o####.(########
#.(# #.....##.........#
#.(####8##((##...........
#.(##.# ..$##....########
#..# .. ..o###...# #()###.
...#.#...# ##..##.#.8..##...#
#.#.##.##.. ##..#


You could see an orc warrior and an orc wizard.

Vanquished Creatures
  A scorpion (D:4)
  A crimson imp (D:4)
  A hound (D:4)
  An orc priest (D:4)
  2 worker ants (D:4)
  3 gnolls (D:2)
  4 adders
  A worm (D:3)
  A dart slug (D:2)
  2 leopard geckos
  4 orcs (D:4)
  5 bats
  5 giant cockroaches
  3 goblins
  5 hobgoblins
  2 jackals (D:1)
  2 quokkas
  4 frilled lizards
  4 kobolds
  A leopard gecko skeleton (D:4)
  2 rats
54 creatures vanquished.

Notes
Turn   | Place    | Note
-------+----------+-------------------------------------------
     0 | D:1      | kae the Draconian Transmuter began the quest for the Orb.
     0 | D:1      | Reached XP level 1. HP: 16/16 MP: 3/3
   362 | D:1      | Reached XP level 2. HP: 23/23 MP: 5/5
   765 | D:2      | Reached XP level 3. HP: 3/29 MP: 6/6
  1799 | D:3      | Learned a level 2 spell: Sticks to Snakes
  1803 | D:3      | Learned a level 3 spell: Spider Form
  1812 | D:3      | Found a stormy altar of Qazlal.
  1983 | D:3      | Reached XP level 4. HP: 32/36 MP: 7/7
  2721 | D:3      | Found a faded altar of an unknown god.
  2831 | D:4      | Noticed an orc warrior
  2837 | D:4      | Reached XP level 5. HP: 15/42 MP: 7/9
  3270 | D:4      | Noticed Autsider's ghost (amateur GrEE)
  3803 | D:4      | Reached XP level 6. HP: 42/50 MP: 10/10
  3991 | D:4      | Mangled by an orc warrior

Vault maps used:
D:1:      saegor_arrival_simple_a, item_on_display_a
D:3:      first_bread, chequers_ecumenical_altar_lobes,
          nicolae_qazlal_general_emergency
D:4:      guppyfry_early_orc_mine

Skill      XL: |  1  2  3  4  5  6 |
---------------+-------------------+-----
Transmutations | 3 4 |  4.1
Fighting       | 2 |  2.9
Unarmed Combat | 4 |  4.6
Spellcasting   | 3 |  3.0
Dodging        | |  1.7

Action                   |  1- 3 |  4- 6 || total
-------------------------+-------+-------++-------
Melee: Hand axe          |    64 |   117 ||   181
       Unarmed           |    10 |       ||    10
       Tailslap          |     3 |    11 ||    14
       Punch             |     1 |     3 ||     4
       Kick              |       |     2 ||     2
 Cast: Beastly Appendage |       |     1 ||     1
  Use: Scroll            |     6 |     1 ||     7
       Potion            |       |     6 ||     6
 Stab: Sleeping          |     1 |       ||     1
  Eat: Chunk             |     3 |     2 ||     5
       Royal jelly       |       |     1 ||     1
       Fruit             |       |     1 ||     1
Armor: Skin              |    28 |    46 ||    74
Dodge: Dodged            |    47 |   104 ||   151

Table legend:
 A = Spawn XP
 B = Non-spawn XP
 C = Spawn XP percentage of total XP
 D = Spawn monster count
 E = Non-spawn monster count
 F = Spawn count percentage of total count
 G = Total turns spent on level
                    A         B        C        D         E        F      G
               +---------+---------+-------+---------+---------+-------+---------
         Total |       0 |     447 |   0.0 |       0 |      54 |   0.0 |  3991
               +---------+---------+-------+---------+---------+-------+---------
           D:1 |       0 |      19 |   0.0 |       0 |      10 |   0.0 |   974
           D:2 |       0 |      70 |   0.0 |       0 |      12 |   0.0 |   813
           D:3 |       0 |      60 |   0.0 |       0 |      20 |   0.0 |  1554
           D:4 |       0 |     298 |   0.0 |       0 |      12 |   0.0 |   650
               +---------+---------+-------+---------+---------+-------+---------
